 Dungeon Crawl Stone Soup version 0.22.1-5-g62c59d9 (webtiles) character file.

290 Exodus3 the Covered (level 6, 0/53 HPs)
             Began as a Minotaur Fighter on Jan 9, 2019.
             Was an Initiate of Gozag.
             Slain by an ice beast (7 damage)
             ... on level 5 of the Dungeon.
             The game lasted 00:16:13 (3473 turns).

Exodus3 the Covered (Minotaur Fighter)              Turns: 3473, Time: 00:16:18

Health: 0/53       AC:  7    Str: 21    XL:     6   Next: 9%
Magic:  5/5        EV:  8    Int:  6    God:    Gozag
Gold:   104        SH: 10    Dex: 10    Spells: 5/5 levels left

rFire    . . .     SeeInvis .   m - +2 whip (pain)
rCold    . . .     Gourm    .   c - +0 shield
rNeg     . . .     Faith    .   b - +0 scale mail
rPois    .         Spirit   .   (helmet restricted)
rElec    .         Reflect  .   (no cloak)
rCorr    .         Harm     .   (no gloves)
MR       .....                  (no boots)
Stlth    +.........             (no amulet)
HPRegen  0.17/turn              e - ring of flight
MPRegen  0.09/turn              g - ring of stealth

@: no status effects
A: retaliatory headbutt, horns 2
a: Potion Petition, Call Merchant, Bribe Branch, Renounce Religion, Evoke Flight


You were on level 5 of the Dungeon.
You worshipped Gozag.
Gozag was aware of your devotion.
You were very hungry.

You visited 2 branches of the dungeon, and saw 5 of its levels.

You collected 162 gold pieces.
You paid 58 gold pieces to Gozag.

Inventory:

Hand Weapons
 a - a +0 war axe
 m - a +2 whip of pain (weapon)
 s - a +6 club
Missiles
 j - 6 poisoned needles
 k - 42 arrows
 l - 2 throwing nets (quivered)
 q - 24 bolts
Armour
 b - a +0 scale mail (worn)
 c - a +0 shield (worn)
Jewellery
 e - a ring of flight (left hand)
 g - a ring of stealth (right hand)
Wands
 r - a wand of random effects (25)
 t - a wand of paralysis (11)
Scrolls
 h - a scroll of magic mapping {unknown}
 i - a scroll of enchant armour {unknown}
 p - a scroll of identify {unknown}
 w - a scroll of remove curse {unknown}
Potions
 d - a potion of might
 n - a potion of flight {unknown}
 o - a potion of brilliance {unknown}
 u - a potion of invisibility {unknown}
 v - a potion of haste {unknown}
 x - a potion of resistance {unknown}
Comestibles
 f - 2 rations


   Skills:
 + Level 4.7 Fighting
 + Level 4.1(4.3) Axes
 + Level 2.0(3.3) Maces & Flails
 + Level 5.0 Armour
 + Level 1.3 Dodging
 + Level 0.1 Stealth
 + Level 5.0 Shields


You had 5 spell levels left.
You didn't know any spells.
Your spell library was empty.

Dungeon Overview and Level Annotations

Branches:
Dungeon (5/15)             Temple (1/1) D:5

Altars:
Ashenzari
Cheibriados
Elyvilon
Gozag
Makhleb
Nemelex Xobeh
Okawaru
Qazlal
Ru
Sif Muna
Uskayaw
Xom
Zin


Innate Abilities, Weirdness & Mutations

You reflexively headbutt those who attack you in melee.
You have a pair of horns on your head.


Message History

x - a fuming white potion An ice beast comes into view.
Found a stone staircase leading up.
You hit the ice beast.
The ice beast is lightly wounded.
The ice beast hits you.
* * * LOW HITPOINT WARNING * * *
The ice beast freezes you.
* * * LOW HITPOINT WARNING * * *
You hit the ice beast but do no damage. Your headbutt misses the ice beast.
The ice beast is lightly wounded.
The ice beast barely misses you. You furiously retaliate!
You headbutt the ice beast. You closely miss the ice beast.
The ice beast is moderately wounded.
The ice beast hits you.
* * * LOW HITPOINT WARNING * * *
The ice beast freezes you!
You die...
Your body crumbles into a pile of gold.

$ ########### .
#.........# ..
#.........# ...
#.........## ...
#..........# ..
#..........#####.#..#
#............Y@...#
#(...........###...#
#.........##.# .....
#.........#.... ....
#............... ...
#####)####..........
.. ...##)#
#.......... . ...##.#
#.#...<..... ...##.#
..#.. ..


You could see an ice beast.

Vanquished Creatures
  A quasit (D:5)
  An orc priest (D:5)
  Ijyb (D:3)
  4 orc wizards
  A worker ant (D:5)
  A howler monkey skeleton (D:5)
  A worm (D:2)
  A dart slug (D:1)
  2 leopard geckos
  5 orcs
  A ball python (D:5)
  8 bats
  3 giant cockroaches
  7 goblins
  3 hobgoblins
  3 jackals (D:3)
  5 quokkas
  4 frilled lizards
  6 kobolds
  3 rats
61 creatures vanquished.

Notes
Turn   | Place    | Note
-------+----------+-------------------------------------------
     0 | D:1      | Exodus3 the Minotaur Fighter began the quest for the Orb.
     0 | D:1      | Reached XP level 1. HP: 19/19 MP: 0/0
   162 | D:1      | Reached XP level 2. HP: 25/27 MP: 1/1
  1469 | D:2      | Reached XP level 3. HP: 33/33 MP: 2/2
  1787 | D:2      | Reached XP level 4. HP: 10/40 MP: 3/3
  2817 | D:3      | Noticed Ijyb
  2837 | D:3      | Killed Ijyb
  2837 | D:3      | Reached XP level 5. HP: 38/47 MP: 4/4
  2906 | D:3      | Found a shimmering altar of Xom.
  2917 | D:3      | Found a shimmering altar of Xom.
  2958 | D:3      | Reached skill level 1 in Dodging
  2966 | D:3      | Found a shimmering altar of Xom.
  2971 | D:3      | Found a shimmering altar of Xom.
  2971 | D:3      | Found a shimmering altar of Xom.
  2978 | D:3      | You fall through a shaft for 2 floors!
  2978 | D:5      | Entered Level 5 of the Dungeon
  3007 | D:5      | Found a staircase to the Ecumenical Temple.
  3035 | D:5      | Reached skill level 1 in Maces & Flails
  3086 | Temple   | Entered the Ecumenical Temple
  3219 | Temple   | Became a worshipper of Gozag Ym Sagoz the Greedy
  3324 | D:5      | Reached skill level 5 in Armour
  3430 | D:5      | Reached skill level 5 in Shields
  3430 | D:5      | Reached XP level 6. HP: 9/53 MP: 5/5
  3464 | D:5      | Noticed an ice beast
  3473 | D:5      | Slain by an ice beast

Skill      XL: |  1  2  3  4  5 |
---------------+----------------+-----
Armour         | 4 5 |  5.0
Fighting       | 4 |  4.7
Shields        | 4 5 |  5.0
Axes           | 3 4 |  4.1
Dodging        | 1 |  1.3
Maces & Flails | 2 |  2.0
Stealth        | |  0.1

Action                   |  1- 3 |  4- 6 || total
-------------------------+-------+-------++-------
Melee: War axe           |    53 |       ||    53
       Headbutt          |    11 |    17 ||    28
       Whip              |    27 |    98 ||   125
  Eat: Ration            |     1 |     1 ||     2
Armor: Scale mail        |    43 |    40 ||    83
Dodge: Dodged            |    33 |    43 ||    76
Block: Shield            |    47 |    53 ||   100
